 Dungeon Sprint DCSS version 0.17.0-25-gefc9c12 (webtiles) character file.

315308 Kidiri the Invulnerable (level 21, -4/163 HPs)
             Began as a Gargoyle Fighter on Nov 18, 2015.
             Was the Champion of Okawaru.
             Slain by Antaeus (23 damage)
             ... while paralysed
             ... in the Dungeon (Sprint VII: "The Pits").
             The game lasted 01:32:47 (11237 turns).

Kidiri the Invulnerable (Gargoyle Fighter)         Turns: 11237, Time: 01:32:47

Health: -4/163     AC: 79    Str: 34    XL:     21   Next: 37%
Magic:  55/55      EV:  2    Int: 11    God:    Okawaru [******]
Gold:   261        SH:  0    Dex: 11    Spells: 0 memorised, 20 levels left

rFire  + . .     SeeInvis +     N - +9 morningstar (pain)
rCold  + . .     Clarity  .     L - +10 crystal plate armour of the Centipede {MP+9 Str+3 Dex+2 SInv}
rNeg   + + .     SustAt   .     G - +1 large shield
rPois  ∞         Gourm    .     x - +2 helmet
rElec  +         Spirit   .     F - +2 cloak {MR+}
rCorr  +         Warding  .     C - +2 pair of gloves
rMut   .         NoTele   +     S - +2 pair of boots {run}
MR     ++...                    Y - amulet "Nisuwaw" {rCorr rF+}
Stlth  ++........               M - ring "Voul" {rElec MP+9 AC+6 Str+3 Int-2}
                                E - ring "Ziamump" {rC+ rN+ Int+2}

@: paralysed, exhausted, heroism, slowed, quick, very resistant to hostile
enchantments, unstealthy
A: big wings, negative energy resistance 1, electricity resistance, unbreathing,
petrification resistance, rot immunity, AC +15
a: Fly, Heroism, Finesse, Renounce Religion
}: 2/15 runes: silver, golden


You were in the Dungeon.
You worshipped Okawaru.
Okawaru was exalted by your worship.
You were very hungry.

You visited 1 branch You collected 261 gold pieces.

Inventory:

Hand Weapons
 a - a +1 flail of protection
 s - a +8 flail of crushing
 N - a +9 morningstar of pain (weapon)
Missiles
 y - 6 javelins of penetration
 z - 5 steel javelins
 H - 10 silver javelins
 I - 8 poisoned javelins
 J - 7 silver tomahawks (quivered)
Armour
 x - a +2 helmet (worn)
 C - a +2 pair of gloves (worn)
 F - a +2 cloak of magic resistance (worn)
 G - a +1 large shield (worn)
 L - the +10 crystal plate armour of the Centipede (worn) {MP+9 Str+3 Dex+2 SInv}
   (Okawaru gifted it to you in the Dungeon)

   It affects your strength (+3).
   It affects your dexterity (+2).
   It affects your magic capacity (+9).
   It lets you see invisible.
 S - a +2 pair of boots of running (worn)
Jewellery
 E - the ring "Ziamump" (left hand) {rC+ rN+ Int+2}
   (You found it in the Dungeon)

   [ring of protection from cold]

   It affects your intelligence (+2).
   It protects you from cold.
   It protects you from negative energy.
 M - the ring "Voul" (right hand) {rElec MP+9 AC+6 Str+3 Int-2}
   (You found it in the Dungeon)

   [ring of protection]

   It affects your AC (+6).
   It affects your strength (+3).
   It affects your intelligence (-2).
   It insulates you from electricity.
   It affects your magic capacity (+9).
 Y - the amulet "Nisuwaw" (around neck) {rCorr rF+}
   (You found it in the Dungeon)

   [amulet of resist corrosion]

   It protects you from acid and corrosion.
   It protects you from fire.
Wands
 r - a wand of slowing (27)
 t - a wand of hasting (5)
 u - a wand of heal wounds (6)
Scrolls
 g - a scroll of fog
 k - 4 scrolls of identify
 o - 9 scrolls of remove curse
 p - 7 scrolls of amnesia
 q - 2 scrolls of summoning
 D - a scroll of blinking
 Q - 3 scrolls of fear
Potions
 b - 3 potions of lignification
 d - 4 potions of might
 f - 10 potions of curing
 h - 5 potions of haste
 i - 5 potions of magic
 j - 7 potions of berserk rage
 n - 2 potions of invisibility
 v - 4 potions of agility
 w - 7 potions of cure mutation
 K - a potion of flight
 O - 2 potions of brilliance
 P - a potion of resistance
Comestibles
 c - 4 chunks of flesh
 e - 4 bread rations
 l - 40 fruits
 m - 8 meat rations


   Skills:
 O Level 27 Fighting
 O Level 27 Maces & Flails
 + Level 22.4(27) Throwing
 O Level 27 Armour
 + Level 20.9(25.9) Dodging
 O Level 27 Stealth
 O Level 27 Shields
 + Level 25.7 Invocations
 + Level 18.8 Evocations


You had 20 spell levels left.
You didn't know any spells.

Dungeon Overview and Level Annotations

Branches:
Dungeon (1/1)

Altars:
Ashenzari
Cheibriados
Dithmenos
Elyvilon
Fedhas
Gozag
Kikubaaqudgha
Makhleb
Nemelex Xobeh
Okawaru
Qazlal
Ru
Sif Muna
Trog
Vehumet
Xom
Yredelemnul
Zin
The Shining One
Beogh
Jiyva
Lugonu

Annotations:
D Antaeus


Innate Abilities, Weirdness & Mutations

You are resistant to torment.
Your stone body is resilient (AC +15).
You are immune to poison.
Your large and strong wings let you fly indefinitely.
You resist negative energy.
You are resistant to electric shocks.
You can survive without breathing.
You are immune to petrification.
You are immune to rotting.


Message History

Antaeus is severely wounded.
You bludgeon Antaeus!!
Antaeus is almost dead.
You block Antaeus's attack. Antaeus closely misses you.
You hit Antaeus.
Antaeus is almost dead.
You are no longer berserk.
You pass out from exhaustion.
You feel yourself slow down.
You are feeling very hungry.
The ice encasing you melts away. Antaeus hits you but does no damage. x2
Antaeus hits you but does no damage. x2
Antaeus hits you!
* * * LOW HITPOINT WARNING * * *
Antaeus freezes you!! You resist.
* * * LOW HITPOINT WARNING * * *
Antaeus hits you but does no damage. Antaeus hits you!!
You die...

#..................(()[)#
#######################)#
########## #)#
##+#+..##.### #(#
#.#.##..+##.# #(#
#####+#..#+####(# #+#
#.##..##.##(#
+#.C+####'#..+###(#
#.##@#.#.###..###'#
##..###'##.##..##)# ###
#.##..'.###+#..##'# ..###
+#..#####.##..###.#
....## +##+[#.##+..## #'#
.....# #.####+#..)## #.#
.....# ####.##..##[###)#
.....# #.##+..#+##'##(##
....## ##+#..+##.#.#.).#


You could see Antaeus.

Vanquished Creatures
  Dispater (D)
  2 ancient liches (D)
  2 orbs of fire (D)
  A greater mummy (D)
  Boris (D)
  the Lernaean hydra (D)
  Saint Roka (D)
  4 curse toes (D)
  3 golden dragons (D)
  A profane servitor (D)
  Jory (D)
  2 Brimstone Fiends (D)
  3 pandemonium lords (D)
  2 electric golems (D)
  2 hellephants (D)
  3 liches (D)
  A tentacled monstrosity (D)
  3 Ice Fiends (D)
  4 deep elf master archers (D)
  12 titans (D)
  2 Shadow Fiends (D)
  2 deep elf blademasters (D)
  2 quicksilver dragons (D)
  A death cob (D)
  A sphinx (D)
  Polyphemus (D)
  2 Executioners (D)
  An acid blob (D)
  2 storm dragons (D)
  3 shadow dragons (D)
  A greater naga (D)
  An azure jelly (D)
  3 daevas (D)
  4 deep elf sorcerers (D)
  17 fire giants (D)
  16 frost giants (D)
  2 iron dragons (D)
  A cacodemon (D)
  A ghost moth (D)
  Louise (D)
  A balrug (D)
  A draconian shifter (D)
  16 orc warlords (D)
  2 angels (D)
  13 stone giants (D)
  A war gargoyle (D)
  A draconian annihilator (D)
  A spriggan defender (D)
  2 black draconians (D)
  2 vampire knights (D)
  A white draconian (D)
  A dire elephant (D)
  A purple draconian (D)
  A red draconian (D)
  2 lorocyprocas (D)
  3 deep elf death magi (D)
  Erolcha (D)
  5 blizzard demons (D)
  2 green deaths (D)
  2 fire dragons (D)
  A merfolk impaler (D)
  7 vault guards (D)
  A hydra (D)
  3 yaktaur captains (D)
  4 deep elf high priests (D)
  2 rakshasas (D)
  A great orb of eyes (D)
  10 ettins (D)
  3 ice dragons (D)
  2 naga warriors (D)
  A catoblepas (D)
  A merfolk avatar (D)
  2 spriggan air magi (D)
  A death knight (D)
  4 alligators (D)
  An alligator snapping turtle (D)
  A dancing weapon (D)
  4 vampire magi (D)
  2 death yaks (D)
  3 hell hogs (D)
  10 orc high priests (D)
  3 soul eaters (D)
  A fire crab (D)
  10 hell knights (D)
  2 iron trolls (D)
  6 skeletal warriors (D)
  A sea snake (D)
  3 large abominations (D)
  A death drake (D)
  An unseen horror (shapeshifter) (D)
  2 cherubim (D)
  5 hill giants (D)
  A spriggan druid (D)
  4 swamp dragons (D)
  2 deep trolls (D)
  2 flayed ghosts (D)
  A deep elf conjurer (D)
  10 orc sorcerers (D)
  2 wizards (D)
  A phantasmal warrior (D)
  A small abomination (D)
  24 orc knights (D)
  A griffon (D)
  A moth of wrath (shapeshifter) (D)
  8 cyclopes (D)
  A salamander (D)
  An elephant (D)
  A sixfirhy (D)
  2 necromancers (D)
  2 ugly things (D)
  2 naga magi (D)
  An orange demon (D)
  A black mamba (D)
  A gargoyle (D)
  A demonic crawler (D)
  2 tormentors (D)
  A blue devil (D)
  A freezing wraith (D)
  4 blink frogs (D)
  A polar bear (D)
  A jumping spider (D)
  6 red devils (D)
  Prince Ribbit (D)
  A slime creature (shapeshifter) (D)
  A wind drake (D)
  2 deep elf magi (D)
  3 tarantellas (D)
  An air elemental (D)
  A spriggan (D)
  2 wyverns (D)
  A ynoxinul (D)
  A fire bat (D)
  A hungry ghost (D)
  11 redbacks (D)
  3 yaks (D)
  2 fire elementals (D)
  3 vampire mosquitoes (D)
  3 wolves (D)
  3 deep elf fighters (D)
  Edmund (D)
  A soldier ant (D)
  14 insubstantial wisps (D)
  3 nagas (D)
  A water moccasin (D)
  2 mottled dragons (D)
  2 wasps (D)
  5 hell hounds (D)
  A porcupine (D)
  3 eyes of draining (D)
  18 orc warriors (D)
  A black bear (D)
  An ogre (D)
  2 phantoms (D)
  A gnoll sergeant (D)
  A scorpion (D)
  5 killer bees (D)
  2 quasits (D)
  An orc priest (D)
  An iguana (D)
  2 orc wizards (D)
  4 gnolls (D)
  An adder (D)
  A river rat (D)
  A white imp (D)
  2 giant eyeballs (D)
  An adder skeleton (D)
  An adder zombie (D)
  A worm (D)
  An adder simulacrum (D)
  2 giant geckos (D)
  9 orcs (D)
  2 bats (D)
  A bat skeleton (D)
  A goblin (D)
  A hobgoblin (D)
  A ball python (D)
  2 giant cockroaches (D)
  A giant gecko skeleton (D)
  A giant gecko zombie (D)
  7 jackals (D)
  A jackal simulacrum (D)
509 creatures vanquished.

Vanquished Creatures (others)
  A hellephant (D)
  An acid blob (D)
  A draconian scorcher (D)
  A fire giant (D)
  A hell hog (D)
  A death yak (D)
  A shadow wraith (D)
  An orc warrior (D)
  A quokka simulacrum (D)
  A rat (D)
10 creatures vanquished.

Grand Total: 519 creatures vanquished

Notes
Turn   | Place    | Note
--------------------------------------------------------------
     0 | D        | Kidiri the Gargoyle Fighter began the quest for the Orb.
     0 | D        | Reached XP level 1. HP: 14/14 MP: 1/1
    89 | D        | Found a sacrificial altar of Ru.
    89 | D        | Found a basalt altar of Yredelemnul.
    89 | D        | Found a shadowy altar of Dithmenos.
    89 | D        | Found a deep blue altar of Sif Muna.
    89 | D        | Found a burning altar of Makhleb.
    89 | D        | Found a shimmering altar of Xom.
    89 | D        | Found an ancient bone altar of Kikubaaqudgha.
    89 | D        | Found a sparkling altar of Nemelex Xobeh.
    90 | D        | Found a glowing golden altar of the Shining One.
    90 | D        | Found a bloodstained altar of Trog.
    90 | D        | Found a shattered altar of Ashenzari.
    90 | D        | Found a white marble altar of Elyvilon.
    90 | D        | Found a snail-covered altar of Cheibriados.
    90 | D        | Found a blossoming altar of Fedhas.
    90 | D        | Found a radiant altar of Vehumet.
    90 | D        | Found a glowing silver altar of Zin.
    90 | D        | Found a corrupted altar of Lugonu.
    90 | D        | Found a viscous altar of Jiyva.
    90 | D        | Found a roughly hewn altar of Beogh.
    90 | D        | Found an iron altar of Okawaru.
    96 | D        | Found a stormy altar of Qazlal.
    96 | D        | Found an opulent altar of Gozag.
    99 | D        | Became a worshipper of Warmaster Okawaru
   123 | D        | Reached skill level 4 in Fighting
   123 | D        | Reached skill level 1 in Stealth
   123 | D        | Reached XP level 2. HP: 13/20 MP: 2/2
   248 | D        | Reached skill level 1 in Throwing
   248 | D        | Reached skill level 1 in Invocations
   284 | D        | Reached XP level 3. HP: 24/24 MP: 3/3
   298 | D        | Noticed a black bear
   300 | D        | Reached skill level 1 in Dodging
   311 | D        | Killed a black bear
   311 | D        | Reached * piety under Okawaru
   311 | D        | Reached skill level 5 in Fighting
   311 | D        | Reached skill level 5 in Armour
   311 | D        | Reached skill level 5 in Shields
   311 | D        | Reached XP level 4. HP: 28/31 MP: 3/5
   311 | D        | Reached XP level 5. HP: 31/35 MP: 3/6
   397 | D        | Noticed a wolf
   398 | D        | Noticed a phantom
   398 | D        | Noticed a phantom
   415 | D        | Killed a wolf
   415 | D        | Reached skill level 6 in Fighting
   415 | D        | Reached skill level 5 in Maces & Flails
   415 | D        | Reached XP level 6. HP: 29/42 MP: 4/8
   419 | D        | Paralysed by a giant eyeball for 4 turns
   439 | D        | Killed a phantom
   439 | D        | Reached skill level 7 in Fighting
   532 | D        | Killed a phantom
   532 | D        | Reached ** piety under Okawaru
   602 | D        | Noticed a wolf
   611 | D        | Killed a wolf
   611 | D        | Reached skill level 5 in Stealth
   611 | D        | Reached XP level 7. HP: 46/48 MP: 8/10
   615 | D        | Noticed a deep elf fighter
   633 | D        | Killed a deep elf fighter
   633 | D        | Reached skill level 8 in Fighting
   661 | D        | Noticed a quasit
   661 | D        | Noticed Edmund
   666 | D        | Killed Edmund
   671 | D        | Killed a quasit
   671 | D        | Reached skill level 5 in Invocations
   709 | D        | Noticed a fire bat
   709 | D        | Noticed a spriggan
   709 | D        | Noticed a mottled dragon
   723 | D        | Killed a fire bat
   723 | D        | Reached *** piety under Okawaru
   723 | D        | Reached XP level 8. HP: 48/55 MP: 9/11
   726 | D        | Killed a spriggan
   732 | D        | Killed a mottled dragon
   732 | D        | Reached skill level 9 in Fighting
   995 | D        | Noticed a tarantella
   995 | D        | Noticed a deep troll
  1010 | D        | Killed a tarantella
  1020 | D        | Killed a deep troll
  1020 | D        | Reached skill level 5 in Throwing
  1020 | D        | Reached XP level 9. HP: 30/62 MP: 13/13
  1181 | D        | Noticed a flayed ghost
  1185 | D        | Noticed a wyvern
  1187 | D        | Paralysed by a giant eyeball for 3 turns
  1194 | D        | Killed a flayed ghost
  1194 | D        | Reached skill level 10 in Fighting
  1194 | D        | Reached skill level 10 in Armour
  1201 | D        | Killed a wyvern
  1201 | D        | Reached skill level 5 in Dodging
  1201 | D        | Reached skill level 10 in Shields
  1204 | D        | Noticed a great orb of eyes
  1204 | D        | Noticed a swamp dragon
  1212 | D        | Paralysed by a great orb of eyes for 2 turns
  1215 | D        | Killed a great orb of eyes
  1215 | D        | Reached **** piety under Okawaru
  1215 | D        | Received a gift from Okawaru
  1230 | D        | Killed a swamp dragon
  1230 | D        | Reached skill level 11 in Fighting
  1230 | D        | Reached XP level 10. HP: 51/69 MP: 15/15
  1316 | D        | Noticed a blue devil
  1316 | D        | Noticed a griffon
  1316 | D        | Noticed a redback
  1321 | D        | Killed a redback
  1329 | D        | Killed a blue devil
  1338 | D        | Killed a griffon
  1338 | D        | Reached ***** piety under Okawaru
  1338 | D        | Reached skill level 10 in Maces & Flails
  1380 | D        | Noticed a sea snake
  1389 | D        | Killed a sea snake
  1389 | D        | Received a gift from Okawaru
  1408 | D        | Noticed an orc wizard
  1409 | D        | Noticed an orc priest
  1409 | D        | Noticed a porcupine
  1413 | D        | Killed a porcupine
  1413 | D        | Received a gift from Okawaru
  1420 | D        | Killed an orc wizard
  1430 | D        | Noticed a hungry ghost
  1430 | D        | Killed an orc priest
  1439 | D        | Killed a hungry ghost
  1441 | D        | Noticed a wasp
  1453 | D        | Killed a wasp
  1514 | D        | Noticed a tarantella
  1514 | D        | Noticed a wyvern
  1514 | D        | Noticed a gargoyle
  1515 | D        | Noticed a wasp
  1515 | D        | Noticed Erolcha
  1515 | D        | Paralysed by Erolcha for 6 turns
  1527 | D        | Killed Erolcha
  1534 | D        | Killed a wyvern
  1534 | D        | Reached skill level 12 in Fighting
  1541 | D        | Killed a tarantella
  1541 | D        | Reached XP level 11. HP: 29/76 MP: 11/17
  1550 | D        | Killed a gargoyle
  1552 | D        | Killed a wasp
  1767 | D        | Noticed a ynoxinul
  1767 | D        | Noticed a wolf
  1767 | D        | Noticed a freezing wraith
  1767 | D        | Noticed Prince Ribbit
  1767 | D        | Noticed a greater naga
  1767 | D        | Noticed an iguana
  1767 | D        | Noticed a water moccasin
  1767 | D        | Noticed a killer bee
  1767 | D        | Noticed a killer bee
  1767 | D        | Noticed a killer bee
  1767 | D        | Noticed a blink frog
  1767 | D        | Noticed a blink frog
  1768 | D        | Noticed a red devil
  1768 | D        | Noticed a killer bee
  1768 | D        | Noticed a blink frog
  1769 | D        | Noticed a killer bee
  1769 | D        | Noticed a red devil
  1771 | D        | Killed a killer bee
  1772 | D        | Noticed a blink frog
  1778 | D        | Killed a killer bee
  1780 | D        | Killed a killer bee
  1783 | D        | Killed Prince Ribbit
  1798 | D        | Killed a greater naga
  1801 | D        | Killed a water moccasin
  1808 | D        | Killed a wolf
  1810 | D        | Killed a blink frog
  1810 | D        | Received a gift from Okawaru
  1829 | D        | Killed a freezing wraith
  1830 | D        | Killed a killer bee
  1840 | D        | Killed a ynoxinul
  1844 | D        | Killed an iguana
  1847 | D        | Killed a killer bee
  1857 | D        | Killed a blink frog
  1860 | D        | Killed a blink frog
  1866 | D        | Killed a blink frog
  1879 | D        | Killed a red devil
  1879 | D        | Reached skill level 13 in Fighting
  1886 | D        | Killed a red devil
  2144 | D        | Noticed a quasit
  2148 | D        | Killed a quasit
  2156 | D        | Noticed a yak
  2157 | D        | Noticed a deep troll
  2157 | D        | Noticed a scorpion
  2157 | D        | Noticed a yak
  2158 | D        | Noticed a yak
  2161 | D        | Killed a yak
  2161 | D        | Received a gift from Okawaru
  2161 | D        | Reached skill level 10 in Stealth
  2168 | D        | Killed a deep troll
  2178 | D        | Killed a yak
  2182 | D        | Killed a yak
  2183 | D        | Killed a scorpion
  2217 | D        | Noticed a soldier ant
  2220 | D        | Noticed a swamp dragon
  2225 | D        | Killed a soldier ant
  2230 | D        | Killed a swamp dragon
  2240 | D        | Noticed an insubstantial wisp
  2242 | D        | Noticed an insubstantial wisp
  2243 | D        | Noticed an insubstantial wisp
  2244 | D        | Noticed an insubstantial wisp
  2244 | D        | Noticed an insubstantial wisp
  2247 | D        | Noticed a mottled dragon
  2247 | D        | Killed an insubstantial wisp
  2250 | D        | Killed an insubstantial wisp
  2252 | D        | Killed an insubstantial wisp
  2256 | D        | Killed an insubstantial wisp
  2261 | D        | Killed a mottled dragon
  2265 | D        | Killed an insubstantial wisp
  2425 | D        | Noticed a redback
  2433 | D        | Killed a redback
  2436 | D        | Noticed an orc knight
  2436 | D        | Noticed an orc warrior
  2436 | D        | Noticed a redback
  2436 | D        | Noticed an ogre
  2437 | D        | Noticed a redback
  2448 | D        | Killed an orc knight
  2448 | D        | Received a gift from Okawaru
  2448 | D        | Reached XP level 12. HP: 84/84 MP: 14/19
  2454 | D        | Killed a redback
  2455 | D        | Killed an ogre
  2457 | D        | Killed a redback
  2460 | D        | Killed an orc warrior
  2672 | D        | Noticed a gnoll sergeant
  2676 | D        | Noticed an elephant
  2684 | D        | Killed an elephant
  2685 | D        | Noticed a demonic crawler
  2696 | D        | Noticed a deep elf mage
  2697 | D        | Noticed a vault guard
  2697 | D        | Noticed a deep elf conjurer
  2699 | D        | Killed a demonic crawler
  2706 | D        | Killed a gnoll sergeant
  2707 | D        | Noticed a swamp dragon
  2712 | D        | Killed a swamp dragon
  2712 | D        | Reached skill level 10 in Invocations
  2719 | D        | Killed a deep elf conjurer
  2720 | D        | Noticed a deep elf fighter
  2724 | D        | Killed a vault guard
  2724 | D        | Reached skill level 14 in Fighting
  2725 | D        | Noticed a vampire mage
  2731 | D        | Killed a deep elf mage
  2731 | D        | Received a gift from Okawaru
  2732 | D        | Noticed a deep elf mage
  2733 | D        | Killed a deep elf fighter
  2740 | D        | Killed a vampire mage
  2742 | D        | Noticed an eye of draining
  2742 | D        | Noticed a vampire mosquito
  2744 | D        | Killed an eye of draining
  2748 | D        | Noticed a flayed ghost
  2748 | D        | Killed a deep elf mage
  2754 | D        | Noticed a spriggan druid
  2757 | D        | Killed a flayed ghost
  2759 | D        | Noticed a rakshasa
  2760 | D        | Killed a spriggan druid
  2761 | D        | Noticed a blizzard demon
  2771 | D        | Noticed a vampire mosquito
  2772 | D        | Killed a blizzard demon
  2778 | D        | Noticed a jumping spider
  2827 | D        | Killed a jumping spider
  2830 | D        | Killed a vampire mosquito
  2838 | D        | Killed a vampire mosquito
  2873 | D        | Noticed an orc sorcerer
  2895 | D        | Killed an orc sorcerer
  2907 | D        | Killed a rakshasa
  3003 | D        | Noticed a merfolk impaler
  3008 | D        | Killed a merfolk impaler
  3023 | D        | Noticed a vampire mosquito
  3025 | D        | Killed a vampire mosquito
  3075 | D        | Noticed a deep elf fighter
  3078 | D        | Killed a deep elf fighter
  3180 | D        | Got the ring "Quddiggupig" {rF+ Dex+3 Slay+6}
  3222 | D        | Noticed Polyphemus
  3224 | D        | Killed a shadow wraith
  3224 | D        | Reached XP level 13. HP: 91/91 MP: 21/21
  3240 | D        | Killed Polyphemus
  3240 | D        | Reached skill level 15 in Fighting
  3240 | D        | Reached skill level 15 in Armour
  3240 | D        | Reached skill level 15 in Shields
  3507 | D        | Noticed a wind drake
  3507 | D        | Noticed a spriggan air mage
  3507 | D        | Noticed an eye of draining
  3507 | D        | Noticed a deep elf master archer
  3507 | D        | Noticed a deep elf master archer
  3507 | D        | Noticed a merfolk avatar
  3507 | D        | Noticed a skeletal warrior
  3507 | D        | Noticed a skeletal warrior
  3517 | D        | Killed a deep elf master archer
  3517 | D        | Received a gift from Okawaru
  3523 | D        | Killed a skeletal warrior
  3531 | D        | Killed a spriggan air mage
  3531 | D        | Received a gift from Okawaru
  3535 | D        | Killed a wind drake
  3536 | D        | Killed an eye of draining
  3537 | D        | Killed a skeletal warrior
  3544 | D        | Killed a deep elf master archer
  3544 | D        | Received a gift from Okawaru
  3550 | D        | Killed a merfolk avatar
  3550 | D        | Received a gift from Okawaru
  3551 | D        | Got a brightly glowing crystal plate armour {god gift}
  3576 | D        | Identified the +10 crystal plate armour of the Centipede {MP+9 Str+3 Dex+2 SInv} (Okawaru gifted it to you in the Dungeon)
  3677 | D        | Noticed a catoblepas
  3677 | D        | Noticed an orc knight
  3677 | D        | Noticed an orc knight
  3677 | D        | Noticed an orc knight
  3677 | D        | Noticed an orc knight
  3678 | D        | Noticed an orc knight
  3678 | D        | Noticed an orc warlord
  3678 | D        | Noticed an orc warlord
  3686 | D        | Noticed an orc knight
  3687 | D        | Noticed an orc knight
  3694 | D        | Killed a catoblepas
  3699 | D        | Killed an orc knight
  3708 | D        | Killed an orc knight
  3722 | D        | Killed an orc warlord
  3722 | D        | Reached skill level 16 in Fighting
  3722 | D        | Reached skill level 10 in Throwing
  3726 | D        | Killed an orc knight
  3731 | D        | Noticed a fire dragon
  3734 | D        | Killed an orc knight
  3739 | D        | Killed an orc knight
  3745 | D        | Killed an orc knight
  3754 | D        | Killed a fire dragon
  3754 | D        | Reached skill level 15 in Maces & Flails
  3759 | D        | Killed an orc knight
  3761 | D        | Noticed an orc knight
  3773 | D        | Killed an orc knight
  3845 | D        | Killed an orc warlord
  4050 | D        | Noticed an orc warrior
  4050 | D        | Noticed an orc knight
  4051 | D        | Noticed an orc wizard
  4051 | D        | Noticed an orc warrior
  4051 | D        | Noticed an orc warrior
  4052 | D        | Noticed an orc warrior
  4052 | D        | Noticed an orc warrior
  4052 | D        | Noticed an orc sorcerer
  4052 | D        | Noticed a vault guard
  4053 | D        | Noticed a yaktaur captain
  4053 | D        | Noticed a storm dragon
  4053 | D        | Noticed an orc knight
  4053 | D        | Noticed a vault guard
  4054 | D        | Noticed an orc warrior
  4057 | D        | Killed an orc knight
  4058 | D        | Killed an orc warrior
  4059 | D        | Killed an orc warrior
  4071 | D        | Noticed Saint Roka
  4072 | D        | Killed a vault guard
  4072 | D        | Gained mutation: Your large and strong wings let you fly indefinitely. [Gargoyle growth]
  4072 | D        | Reached XP level 14. HP: 100/100 MP: 23/23
  4073 | D        | Killed an orc wizard
  4080 | D        | Killed an orc sorcerer
  4087 | D        | Killed an orc knight
  4090 | D        | Killed a vault guard
  4090 | D        | Received a gift from Okawaru
  4093 | D        | Killed a yaktaur captain
  4095 | D        | Killed an orc warrior
  4097 | D        | Killed an orc warrior
  4114 | D        | Killed a storm dragon
  4114 | D        | Reached skill level 17 in Fighting
  4117 | D        | Killed an orc warrior
  4135 | D        | Killed Saint Roka
  4139 | D        | Killed an orc warrior
  4307 | D        | Noticed a yaktaur captain
  4308 | D        | Noticed a skeletal warrior
  4309 | D        | Noticed a skeletal warrior
  4309 | D        | Noticed a skeletal warrior
  4310 | D        | Noticed a vault guard
  4312 | D        | Noticed a lorocyproca
  4312 | D        | Noticed a vault guard
  4326 | D        | Killed a skeletal warrior
  4326 | D        | Reached skill level 10 in Dodging
  4329 | D        | Killed a skeletal warrior
  4333 | D        | Killed a vault guard
  4336 | D        | Killed a vault guard
  4348 | D        | Killed a skeletal warrior
  4357 | D        | Killed a lorocyproca
  4361 | D        | Noticed an orc knight
  4361 | D        | Killed a yaktaur captain
  4363 | D        | Noticed a skeletal warrior
  4363 | D        | Noticed a vault guard
  4376 | D        | Killed an orc knight
  4382 | D        | Killed a skeletal warrior
  4387 | D        | Killed a vault guard
  4530 | D        | Noticed a naga warrior
  4530 | D        | Noticed a naga warrior
  4530 | D        | Noticed a salamander
  4531 | D        | Noticed a lorocyproca
  4531 | D        | Noticed a white draconian
  4534 | D        | Noticed a lich
  4538 | D        | Noticed a wizard
  4539 | D        | Noticed a vampire mage
  4540 | D        | Killed a naga warrior
  4542 | D        | Killed a lorocyproca
  4546 | D        | Noticed a deep elf sorcerer
  4546 | D        | Killed a naga warrior
  4546 | D        | Received a gift from Okawaru
  4548 | D        | Noticed a naga mage
  4548 | D        | Noticed a vampire mage
  4549 | D        | Noticed a deep elf sorcerer
  4553 | D        | Killed a lich
  4553 | D        | Reached skill level 18 in Fighting
  4559 | D        | Noticed a lich
  4563 | D        | Killed a white draconian
  4574 | D        | Killed a vampire mage
  4578 | D        | Killed a wizard
  4583 | D        | Killed a deep elf sorcerer
  4589 | D        | Noticed a vampire mage
  4590 | D        | Killed a lich
  4590 | D        | Reached XP level 15. HP: 62/109 MP: 25/25
  4594 | D        | Killed a naga mage
  4600 | D        | Killed a deep elf sorcerer
  4605 | D        | Killed a salamander
  4608 | D        | Killed a vampire mage
  4614 | D        | Killed a vampire mage
  4889 | D        | Noticed a deep elf death mage
  4890 | D        | Noticed a deep elf sorcerer
  4891 | D        | Noticed a red draconian annihilator
  4904 | D        | Killed a deep elf sorcerer
  4907 | D        | Killed a deep elf death mage
  4909 | D        | Noticed a wizard
  4912 | D        | Noticed an iron troll
  4915 | D        | Killed a wizard
  4924 | D        | Killed an iron troll
  4929 | D        | Killed a red draconian annihilator
  4929 | D        | Reached skill level 15 in Stealth
  4941 | D        | Noticed a hellephant
  4964 | D        | Killed a hellephant
  4964 | D        | Received a gift from Okawaru
  4964 | D        | Reached skill level 19 in Fighting
  4972 | D        | Noticed a deep elf high priest
  4972 | D        | Noticed a deep elf high priest
  4973 | D        | Noticed a red draconian
  4984 | D        | Killed a deep elf high priest
  4989 | D        | Killed a deep elf high priest
  5002 | D        | Killed a red draconian
  5010 | D        | Noticed a deep elf death mage
  5011 | D        | Noticed a war gargoyle
  5018 | D        | Killed a deep elf death mage
  5025 | D        | Killed a war gargoyle
  5029 | D        | Killed a ghostly deep elf death mage
  5029 | D        | Received a gift from Okawaru
  5056 | D        | Got the amulet of Internal Strife {Ward rN+ MP-9 Int+2 SInv}
  5058 | D        | Got the amulet of Mistrust {rElec Regen+ Int+3 Dex+3}
  5061 | D        | Got the amulet of Gugiric {rCorr *Confuse rPois Str+2}
  5063 | D        | Got the ring "Noniaqou" {MR- Dex+7 Slay+5 Stlth+}
  5065 | D        | Got the amulet "Uqaxey" {Stasis Str+2}
  5067 | D        | Got the amulet "Nooren" {Gourm rF+ MR++ Str-5}
  5070 | D        | Got the amulet of the Scarab {rMut Str+7 Int-4}
  5072 | D        | Got the amulet "Izidown" {Ward +Fly rPois rN+ Str-2 Dex+4}
  5074 | D        | Got the amulet of Plog {Spirit +Blink rC+ MR+}
  5076 | D        | Got the amulet of Geahaeq {Regen+ Str+4}
  5078 | D        | Got the amulet of the Sun {Gourm Dex+4}
  5080 | D        | Got the amulet "Nisuwaw" {rCorr rF+}
  5083 | D        | Got the amulet of Mutrudap {Gourm rElec rC++}
  5119 | D        | Got the ring of Kotuludo {MR+ Int+5 Dex+2}
  5148 | D        | Got the ring of Futuz {-Tele *Drain rElec MR+ SInv}
  5150 | D        | Got the ring "Huneelur" {rF- MP+9 Str+9 Dex+6 Stlth+}
  5152 | D        | Got the ring "Ciafunue" {+Inv MR+}
  5155 | D        | Got the ring "Ziamump" {rC+ rN+ Int+2}
  5157 | D        | Got the ring of Holoe {rC+ Dex+6}
  5159 | D        | Got the ring "Voul" {rElec MP+9 AC+6 Str+3 Int-2}
  5161 | D        | Got the ring of Poetuush {rF+ Stlth+}
  5163 | D        | Got the ring of Risedd {*Confuse rPois rF- EV+6 Str+10}
  5165 | D        | Got the ring "Ceotariu" {rPois MP+9}
  5168 | D        | Got the ring of Zutaic {MP+9 EV+6 Dex+7 Slay-4}
  5170 | D        | Got the ring of the Failed Coup {Wiz rElec rF+}
  5172 | D        | Got the ring "Nihuorap" {rElec Str+2 Int+6 Slay+2}
  5317 | D        | Noticed Ipnuabbock the pandemonium lord
  5356 | D        | Killed Ipnuabbock the pandemonium lord
  5458 | D        | Noticed a deep elf master archer
  5462 | D        | Killed a deep elf master archer
  5474 | D        | Noticed an Ice Fiend
  5481 | D        | Killed an Ice Fiend
  5484 | D        | Noticed a daeva
  5505 | D        | Killed a daeva
  5520 | D        | Noticed Wial the pandemonium lord
  5542 | D        | Killed Wial the pandemonium lord
  5558 | D        | Noticed an Executioner
  5558 | D        | Noticed a soul eater
  5558 | D        | Noticed a Shadow Fiend
  5558 | D        | Noticed a redback
  5558 | D        | Noticed a tarantella
  5558 | D        | Noticed a redback
  5558 | D        | Noticed a deep elf sorcerer
  5558 | D        | Noticed a titan
  5561 | D        | Killed a soul eater
  5563 | D        | Killed a deep elf sorcerer
  5563 | D        | Received a gift from Okawaru
  5565 | D        | Killed a redback
  5565 | D        | Reached skill level 20 in Fighting
  5569 | D        | Killed an Executioner
  5571 | D        | Killed a tarantella
  5577 | D        | Killed a titan
  5577 | D        | Reached ****** piety under Okawaru
  5577 | D        | Reached XP level 16. HP: 106/118 MP: 27/27
  5586 | D        | Killed a Shadow Fiend
  5586 | D        | Reached skill level 15 in Invocations
  5588 | D        | Killed a redback
  5658 | D        | Noticed Eruacop the pandemonium lord
  5674 | D        | Killed Eruacop the pandemonium lord
  5674 | D        | Received a gift from Okawaru
  5690 | D        | Noticed an acid blob
  5695 | D        | Killed an acid blob
  5852 | D        | Noticed a Shadow Fiend
  5859 | D        | Killed a Shadow Fiend
  5859 | D        | Received a gift from Okawaru
  5864 | D        | Noticed a yaktaur captain
  5869 | D        | Killed a yaktaur captain
  5873 | D        | Noticed a Brimstone Fiend
  5880 | D        | Killed a Brimstone Fiend
  5880 | D        | Received a gift from Okawaru
  5884 | D        | Noticed a golden dragon
  5893 | D        | Killed a golden dragon
  5893 | D        | Received a gift from Okawaru
  6077 | D        | Noticed a necromancer
  6077 | D        | Noticed a hell knight
  6077 | D        | Noticed a naga
  6077 | D        | Noticed a naga
  6078 | D        | Noticed a fire elemental
  6078 | D        | Noticed a phantasmal warrior
  6078 | D        | Noticed a naga mage
  6079 | D        | Noticed a death cob
  6079 | D        | Noticed a naga
  6080 | D        | Noticed a hell knight
  6081 | D        | Noticed a hell knight
  6084 | D        | Killed a phantasmal warrior
  6085 | D        | Noticed a hell hound
  6085 | D        | Noticed a hell knight
  6085 | D        | Noticed a necromancer
  6085 | D        | Noticed a hell hound
  6086 | D        | Noticed a hell knight
  6088 | D        | Killed a naga
  6090 | D        | Noticed a hell hound
  6097 | D        | Noticed a hell hound
  6097 | D        | Killed a death cob
  6097 | D        | Reached skill level 21 in Fighting
  6105 | D        | Killed a hell knight
  6112 | D        | Noticed a hell hound
  6112 | D        | Killed a naga
  6114 | D        | Killed a naga
  6117 | D        | Killed a fire elemental
  6120 | D        | Killed a hell knight
  6121 | D        | Killed a hell hound
  6122 | D        | Killed a hell hound
  6126 | D        | Killed a hell hound
  6131 | D        | Killed a hell knight
  6133 | D        | Killed a hell hound
  6144 | D        | Killed a hell knight
  6145 | D        | Killed a naga mage
  6151 | D        | Killed a necromancer
  6154 | D        | Killed a necromancer
  6157 | D        | Killed a hell knight
  6158 | D        | Killed a hell hound
  6328 | D        | Noticed a sixfirhy
  6328 | D        | Noticed an alligator
  6331 | D        | Noticed a polar bear
  6336 | D        | Killed a sixfirhy
  6337 | D        | Killed an alligator
  6339 | D        | Killed a polar bear
  6340 | D        | Noticed a redback
  6340 | D        | Killed a redback
  6341 | D        | Noticed an insubstantial wisp
  6344 | D        | Noticed a redback
  6346 | D        | Noticed a fire crab
  6348 | D        | Noticed a redback
  6348 | D        | Noticed an alligator
  6348 | D        | Killed an insubstantial wisp
  6349 | D        | Noticed a redback
  6350 | D        | Noticed a redback
  6350 | D        | Killed a redback
  6356 | D        | Noticed an insubstantial wisp
  6356 | D        | Killed an alligator
  6357 | D        | Killed a redback
  6358 | D        | Killed a redback
  6361 | D        | Killed a redback
  6364 | D        | Noticed an air elemental
  6364 | D        | Noticed a ghost moth
  6366 | D        | Noticed a daeva
  6367 | D        | Killed a ghost moth
  6370 | D        | Killed an air elemental
  6372 | D        | Noticed a deep elf high priest
  6373 | D        | Noticed a hell knight
  6374 | D        | Noticed a black mamba
  6380 | D        | Noticed an insubstantial wisp
  6384 | D        | Noticed a scimitar of electrocution
  6386 | D        | Noticed a hell knight
  6386 | D        | Killed a daeva
  6393 | D        | Killed a deep elf high priest
  6394 | D        | Killed a black mamba
  6397 | D        | Killed an insubstantial wisp
  6401 | D        | Noticed a shadow dragon
  6404 | D        | Killed a hell knight
  6406 | D        | Killed a scimitar of electrocution
  6410 | D        | Noticed a cyan ugly thing
  6411 | D        | Noticed an insubstantial wisp
  6411 | D        | Killed a fire crab
  6418 | D        | Noticed a hell knight
  6421 | D        | Killed a shadow dragon
  6424 | D        | Noticed a hell knight
  6431 | D        | Killed an insubstantial wisp
  6434 | D        | Killed a cyan ugly thing
  6440 | D        | Noticed a swamp dragon
  6442 | D        | Killed a hell knight
  6450 | D        | Killed a swamp dragon
  6452 | D        | Killed an insubstantial wisp
  6455 | D        | Noticed an insubstantial wisp
  6455 | D        | Noticed an orange demon
  6456 | D        | Killed a hell knight
  6459 | D        | Noticed a rakshasa
  6459 | D        | Noticed a five-headed hydra
  6464 | D        | Killed a hell knight
  6464 | D        | Received a gift from Okawaru
  6466 | D        | Noticed a hell knight
  6469 | D        | Killed an orange demon
  6470 | D        | Noticed a black draconian
  6478 | D        | Noticed a cherub
  6481 | D        | Killed a five-headed hydra
  6482 | D        | Killed an insubstantial wisp
  6491 | D        | Killed a black draconian
  6491 | D        | Reached XP level 17. HP: 54/128 MP: 29/29
  6496 | D        | Noticed a deep elf death mage
  6497 | D        | Killed a rakshasa
  6501 | D        | Killed a hell knight
  6501 | D        | Reached skill level 22 in Fighting
  6508 | D        | Killed a cherub
  6513 | D        | Killed a deep elf death mage
  6521 | D        | Noticed a deep elf high priest
  6559 | D        | Killed a deep elf high priest
  6764 | D        | Noticed an insubstantial wisp
  6765 | D        | Noticed an insubstantial wisp
  6768 | D        | Noticed a deep elf master archer
  6769 | D        | Noticed an alligator
  6778 | D        | Killed an insubstantial wisp
  6781 | D        | Killed an insubstantial wisp
  6787 | D        | Killed a deep elf master archer
  6791 | D        | Noticed a frost giant
  6793 | D        | Noticed an alligator
  6794 | D        | Noticed an insubstantial wisp
  6794 | D        | Killed an alligator
  6795 | D        | Noticed an insubstantial wisp
  6795 | D        | Noticed a spriggan air mage
  6802 | D        | Noticed a tentacled monstrosity
  6803 | D        | Killed a frost giant
  6808 | D        | Killed an alligator
  6811 | D        | Killed a spriggan air mage
  6827 | D        | Killed a tentacled monstrosity
  6829 | D        | Killed an insubstantial wisp
  6832 | D        | Killed an insubstantial wisp
  6974 | D        | Noticed an ice dragon
  6974 | D        | Noticed a fire dragon
  6974 | D        | Noticed an ice dragon
  6981 | D        | Killed an ice dragon
  6986 | D        | Killed a fire dragon
  6994 | D        | Killed an ice dragon
  7215 | D        | Noticed a vampire knight
  7216 | D        | Noticed a blizzard demon
  7216 | D        | Noticed the 27-headed Lernaean hydra
  7217 | D        | Noticed a purple draconian
  7217 | D        | Noticed a vault guard
  7217 | D        | Noticed a fire elemental
  7218 | D        | Noticed a deep elf blademaster
  7218 | D        | Noticed a fire giant
  7218 | D        | Noticed an ice dragon
  7218 | D        | Noticed an angel
  7220 | D        | Noticed a red devil
  7221 | D        | Noticed a hellephant
  7221 | D        | Noticed a quicksilver dragon
  7223 | D        | Noticed an iron dragon
  7224 | D        | Killed the 27-headed Lernaean hydra
  7224 | D        | Reached skill level 1 in Evocations
  7228 | D        | Killed a vampire knight
  7231 | D        | Killed a vault guard
  7231 | D        | Killed a blizzard demon
  7232 | D        | Noticed a curse toe
  7232 | D        | Killed a purple draconian
  7232 | D        | Received a gift from Okawaru
  7235 | D        | Noticed a shadow dragon
  7237 | D        | Noticed a curse toe
  7237 | D        | Killed a red devil
  7238 | D        | Noticed a profane servitor
  7243 | D        | Killed an iron dragon
  7243 | D        | Reached skill level 23 in Fighting
  7247 | D        | Killed a quicksilver dragon
  7250 | D        | Noticed a red devil
  7256 | D        | Noticed a red devil
  7257 | D        | Killed a profane servitor
  7259 | D        | Killed a shadow dragon
  7259 | D        | Received a gift from Okawaru
  7260 | D        | Noticed a vampire knight
  7260 | D        | Killed an ice dragon
  7263 | D        | Noticed an acid blob
  7263 | D        | Noticed a balrug
  7265 | D        | Noticed a red devil
  7266 | D        | Noticed an iron troll
  7267 | D        | Killed an acid blob
  7271 | D        | Killed a fire elemental
  7271 | D        | Killed a hellephant
  7271 | D        | Reached skill level 15 in Throwing
  7283 | D        | Killed a curse toe
  7283 | D        | Killed a fire giant
  7286 | D        | HP: 4/131 [balrug/bolt of fire (23)]
  7294 | D        | Killed a red devil
  7298 | D        | Killed a red devil
  7302 | D        | Killed a vampire knight
  7308 | D        | Killed a balrug
  7326 | D        | Killed a curse toe
  7326 | D        | Reached skill level 5 in Evocations
  7333 | D        | Killed an angel
  7334 | D        | Killed an iron troll
  7349 | D        | Killed a red devil
  7355 | D        | Noticed a death drake
  7360 | D        | Killed a deep elf blademaster
  7360 | D        | Received a gift from Okawaru
  7364 | D        | Killed a death drake
  7531 | D        | Noticed a tormentor
  7532 | D        | Noticed a deep elf blademaster
  7533 | D        | Noticed a titan
  7535 | D        | Noticed a golden dragon
  7536 | D        | Noticed a hellephant
  7542 | D        | Noticed a fire giant
  7543 | D        | Noticed a green death
  7543 | D        | Killed a deep elf blademaster
  7543 | D        | Received a gift from Okawaru
  7544 | D        | Noticed a purple draconian shifter
  7546 | D        | Noticed a blizzard demon
  7549 | D        | Killed a golden dragon
  7552 | D        | Killed a titan
  7552 | D        | Reached XP level 18. HP: 102/138 MP: 30/30
  7561 | D        | Killed a fire giant
  7565 | D        | Killed a green death
  7575 | D        | Killed a blizzard demon
  7581 | D        | Killed a tormentor
  7595 | D        | Killed a hellephant
  7595 | D        | Reached skill level 24 in Fighting
  7602 | D        | Killed a purple draconian shifter
  7656 | D        | Noticed Louise
  7662 | D        | Killed Louise
  7699 | D        | Got the ring of Fenoaf Efy {*Corrode rC- rN+++ EV-3 Int+4}
  7701 | D        | Got the ring of Leaves {MP+9 Str+3 Dex+4}
  7703 | D        | Got the ring "Evul" {rPois rN+ Dex+4}
  7705 | D        | Got the amulet "Wypropse" {Faith rElec rC+ Str-3 Slay+2}
  7709 | D        | Got the ring "Vuify" {*Corrode Int+6 SInv}
  7711 | D        | Got the ring of the Wild Haggis {*Drain +Inv rPois Int-5 Dex+3}
  7713 | D        | Got the ring "Ymuiloed" {+Inv rPois MR+ MP-9 Int+3}
  7715 | D        | Got the ring "Oshroacka" {EV+3 Int+2 Dex+4}
  7749 | D        | Noticed a merfolk
  7749 | D        | Noticed a green death
  7749 | D        | a merfolk changed into a wolf spider
  7750 | D        | Noticed a cacodemon
  7750 | D        | Noticed a curse toe
  7750 | D        | Noticed a tormentor
  7750 | D        | Noticed a cherub
  7750 | D        | Noticed an alligator snapping turtle
  7751 | D        | Noticed a soul eater
  7751 | D        | Noticed a purple ugly thing
  7752 | D        | Noticed a blizzard demon
  7752 | D        | Noticed an azure jelly
  7753 | D        | Noticed a daeva
  7759 | D        | Killed a tormentor
  7761 | D        | Noticed an Ice Fiend
  7761 | D        | Killed a purple ugly thing
  7764 | D        | Noticed a spriggan defender
  7764 | D        | Noticed an angel
  7765 | D        | Killed a green death
  7773 | D        | Killed a cacodemon
  7775 | D        | Noticed an eye of draining
  7778 | D        | Killed a daeva
  7782 | D        | Killed an angel
  7783 | D        | Killed a spriggan defender
  7785 | D        | Killed a cherub
  7787 | D        | Killed a blizzard demon
  7790 | D        | Killed an Ice Fiend
  7795 | D        | Killed an azure jelly
  7798 | D        | Killed a soul eater
  7803 | D        | Killed an eye of draining
  7810 | D        | Killed a curse toe
  7814 | D        | Killed an alligator snapping turtle
  8074 | D        | Noticed an orc knight
  8074 | D        | Noticed an orc knight
  8074 | D        | Noticed an orc sorcerer
  8074 | D        | Noticed an orc knight
  8074 | D        | Noticed an orc knight
  8074 | D        | Noticed an orc warlord
  8074 | D        | Noticed an orc warlord
  8074 | D        | Noticed an orc knight
  8074 | D        | Noticed an orc warlord
  8074 | D        | Noticed an orc knight
  8074 | D        | Noticed an orc sorcerer
  8074 | D        | Noticed an orc knight
  8074 | D        | Noticed an orc warrior
  8074 | D        | Noticed an orc knight
  8074 | D        | Noticed an orc high priest
  8074 | D        | Noticed an orc warlord
  8074 | D        | Noticed an orc knight
  8074 | D        | Noticed an orc sorcerer
  8074 | D        | Noticed an orc high priest
  8074 | D        | Noticed an orc warlord
  8074 | D        | Noticed an orc warlord
  8074 | D        | Noticed an orc high priest
  8074 | D        | Noticed an orc sorcerer
  8074 | D        | Noticed an orc sorcerer
  8074 | D        | Noticed an orc warrior
  8074 | D        | Noticed an orc warlord
  8074 | D        | Noticed an orc high priest
  8074 | D        | Noticed an orc sorcerer
  8074 | D        | Noticed an orc high priest
  8074 | D        | Noticed an orc warlord
  8074 | D        | Noticed an orc warrior
  8074 | D        | Noticed an orc warrior
  8074 | D        | Noticed an orc warrior
  8074 | D        | Noticed an orc warlord
  8074 | D        | Noticed an orc warrior
  8074 | D        | Noticed an orc knight
  8075 | D        | Noticed an orc warrior
  8075 | D        | Noticed an orc warrior
  8075 | D        | Noticed an orc knight
  8075 | D        | Killed an orc sorcerer
  8076 | D        | Killed an orc high priest
  8077 | D        | Noticed an orc warrior
  8077 | D        | Noticed an orc sorcerer
  8077 | D        | Noticed an orc high priest
  8077 | D        | Noticed an orc warlord
  8077 | D        | Killed an orc high priest
  8079 | D        | Noticed an orc warlord
  8079 | D        | Noticed an orc warlord
  8079 | D        | Noticed an orc warlord
  8079 | D        | Noticed an orc sorcerer
  8082 | D        | Noticed an orc high priest
  8084 | D        | Killed an orc warlord
  8088 | D        | Noticed an orc warrior
  8088 | D        | Noticed an orc warrior
  8088 | D        | Noticed an orc knight
  8088 | D        | Noticed an orc warlord
  8088 | D        | Noticed an orc high priest
  8088 | D        | Noticed an orc high priest
  8088 | D        | Noticed an orc high priest
  8088 | D        | Noticed an orc warrior
  8093 | D        | Killed an orc knight
  8098 | D        | Killed an orc warlord
  8104 | D        | Killed an orc warlord
  8112 | D        | Killed an orc warlord
  8112 | D        | Received a gift from Okawaru
  8116 | D        | Killed an orc high priest
  8117 | D        | Killed an orc knight
  8129 | D        | Killed an orc warlord
  8131 | D        | Killed an orc warlord
  8131 | D        | Reached skill level 15 in Dodging
  8140 | D        | Killed an orc knight
  8140 | D        | Received a gift from Okawaru
  8149 | D        | Killed an orc warlord
  8155 | D        | Killed an orc warlord
  8155 | D        | Reached skill level 25 in Armour
  8159 | D        | Killed an orc knight
  8169 | D        | Killed an orc warlord
  8175 | D        | Killed an orc sorcerer
  8183 | D        | Killed an orc warlord
  8185 | D        | Killed an orc high priest
  8194 | D        | Killed an orc sorcerer
  8198 | D        | Killed an orc knight
  8205 | D        | Killed an orc warlord
  8214 | D        | Killed an orc warlord
  8222 | D        | Killed an orc sorcerer
  8227 | D        | Killed an orc high priest
  8236 | D        | Killed an orc knight
  8238 | D        | Killed an orc sorcerer
  8246 | D        | Killed an orc knight
  8251 | D        | Killed an orc knight
  8268 | D        | HP: 2/141 [smoke demon/divine providence[an orc sorcerer] (8)]
  8284 | D        | Killed an orc warlord
  8292 | D        | Killed an orc warlord
  8298 | D        | Killed an orc high priest
  8301 | D        | Killed an orc high priest
  8305 | D        | Killed an orc sorcerer
  8308 | D        | Killed an orc knight
  8313 | D        | Killed an orc knight
  8320 | D        | Killed an orc knight
  8322 | D        | Killed an orc warrior
  8329 | D        | Killed an orc knight
  8329 | D        | Killed an orc warrior
  8333 | D        | Killed an orc warrior
  8336 | D        | Killed an orc sorcerer
  8344 | D        | Killed an orc warrior
  8350 | D        | Killed an orc sorcerer
  8353 | D        | Killed an orc warrior
  8357 | D        | Killed an orc warrior
  8361 | D        | Killed an orc warrior
  8366 | D        | Killed an orc high priest
  8368 | D        | Killed an orc high priest
  8370 | D        | Killed an orc warrior
  8372 | D        | Killed an orc warrior
  8374 | D        | Killed an orc high priest
  8375 | D        | Killed an orc warrior
  8379 | D        | Killed an orc warrior
  8381 | D        | Killed an orc warrior
  8457 | D        | Got a silver rune of Zot
  8837 | D        | Noticed a cyclops
  8837 | D        | Noticed an ettin
  8837 | D        | Noticed a fire giant
  8837 | D        | Noticed a fire giant
  8837 | D        | Noticed a stone giant
  8837 | D        | Noticed a frost giant
  8837 | D        | Noticed a hill giant
  8837 | D        | Noticed a cyclops
  8837 | D        | Noticed a titan
  8837 | D        | Noticed a fire giant
  8837 | D        | Noticed a titan
  8837 | D        | Noticed an ettin
  8837 | D        | Noticed a titan
  8837 | D        | Noticed a stone giant
  8837 | D        | Noticed a fire giant
  8837 | D        | Noticed a titan
  8837 | D        | Noticed a hill giant
  8837 | D        | Noticed a cyclops
  8837 | D        | Noticed a hill giant
  8837 | D        | Noticed a fire giant
  8837 | D        | Noticed a stone giant
  8837 | D        | Noticed a titan
  8838 | D        | Noticed an ettin
  8838 | D        | Noticed a fire giant
  8838 | D        | Noticed an ettin
  8839 | D        | Noticed a stone giant
  8853 | D        | Killed a stone giant
  8853 | D        | Reached XP level 19. HP: 135/148 MP: 32/32
  8854 | D        | Noticed a frost giant
  8855 | D        | Noticed a fire giant
  8861 | D        | Killed a titan
  8864 | D        | Noticed a frost giant
  8866 | D        | Killed a fire giant
  8873 | D        | Killed a frost giant
  8873 | D        | Received a gift from Okawaru
  8874 | D        | Noticed a stone giant
  8881 | D        | Noticed a frost giant
  8881 | D        | Killed a fire giant
  8884 | D        | Killed a frost giant
  8884 | D        | Reached skill level 26 in Armour
  8885 | D        | Noticed a frost giant
  8885 | D        | Killed an ettin
  8892 | D        | Killed a stone giant
  8892 | D        | Received a gift from Okawaru
  8896 | D        | Noticed a stone giant
  8897 | D        | Killed a fire giant
  8911 | D        | Killed a frost giant
  8911 | D        | Reached skill level 10 in Evocations
  8920 | D        | Noticed a fire giant
  8922 | D        | Killed a stone giant
  8927 | D        | Killed an ettin
  8937 | D        | Killed a frost giant
  8976 | D        | Killed a fire giant
  8977 | D        | Killed a stone giant
  8981 | D        | Killed a frost giant
  8986 | D        | Killed a stone giant
  8996 | D        | Killed a fire giant
  9002 | D        | Killed a fire giant
  9008 | D        | Killed a titan
  9011 | D        | Killed an ettin
  9011 | D        | Received a gift from Okawaru
  9062 | D        | Killed a fire giant
  9078 | D        | Killed a titan
  9091 | D        | Noticed a fire giant
  9100 | D        | Killed a fire giant
  9198 | D        | Killed a titan
  9240 | D        | Noticed a frost giant
  9246 | D        | Killed a hill giant
  9250 | D        | Noticed an ettin
  9254 | D        | Killed a frost giant
  9256 | D        | Killed an ettin
  9265 | D        | Killed a cyclops
  9279 | D        | Noticed a frost giant
  9283 | D        | Killed a frost giant
  9284 | D        | Noticed a cyclops
  9284 | D        | Noticed an ettin
  9284 | D        | Noticed a fire giant
  9285 | D        | Noticed a frost giant
  9287 | D        | Killed an ettin
  9288 | D        | Noticed a hill giant
  9289 | D        | Noticed a fire giant
  9289 | D        | Noticed a frost giant
  9297 | D        | Killed an ettin
  9302 | D        | Noticed a frost giant
  9305 | D        | Killed a titan
  9305 | D        | Reached skill level 27 in Armour
  9309 | D        | Killed a frost giant
  9309 | D        | Received a gift from Okawaru
  9313 | D        | Noticed a titan
  9314 | D        | Killed a frost giant
  9314 | D        | Reached skill level 27 in Fighting
  9314 | D        | Reached skill level 27 in Shields
  9318 | D        | Killed a fire giant
  9321 | D        | Noticed a frost giant
  9329 | D        | Killed a frost giant
  9331 | D        | Noticed a cyclops
  9333 | D        | Killed a hill giant
  9337 | D        | Noticed a titan
  9341 | D        | Noticed a fire giant
  9342 | D        | Killed a fire giant
  9344 | D        | Killed a hill giant
  9348 | D        | Killed a titan
  9348 | D        | Received a gift from Okawaru
  9350 | D        | Noticed a fire giant
  9352 | D        | Killed a fire giant
  9356 | D        | Noticed a titan
  9358 | D        | Killed a titan
  9359 | D        | Noticed an ettin
  9364 | D        | Noticed a hill giant
  9365 | D        | Noticed a titan
  9365 | D        | Killed a fire giant
  9369 | D        | Noticed an ettin
  9370 | D        | Noticed a stone giant
  9372 | D        | Noticed a cyclops
  9373 | D        | Noticed a stone giant
  9374 | D        | Killed a titan
  9379 | D        | Killed an ettin
  9383 | D        | Killed a hill giant
  9389 | D        | Killed an ettin
  9392 | D        | Killed a titan
  9397 | D        | Killed a stone giant
  9397 | D        | Reached XP level 20. HP: 71/157 MP: 34/34
  9401 | D        | Killed a stone giant
  9410 | D        | Killed a hill giant
  9414 | D        | Killed a frost giant
  9416 | D        | Killed a cyclops
  9419 | D        | Killed a cyclops
  9421 | D        | Killed a cyclops
  9442 | D        | Noticed a titan
  9449 | D        | Noticed a stone giant
  9456 | D        | Noticed an ettin
  9460 | D        | Noticed an ettin
  9460 | D        | Killed a titan
  9461 | D        | Noticed a cyclops
  9465 | D        | Killed an ettin
  9470 | D        | Killed an ettin
  9476 | D        | Killed a stone giant
  9485 | D        | Killed a stone giant
  9491 | D        | Killed a fire giant
  9494 | D        | Killed a cyclops
  9496 | D        | Killed a cyclops
  9498 | D        | Killed a cyclops
  9518 | D        | Noticed a cyclops
  9520 | D        | Noticed a stone giant
  9520 | D        | Noticed a fire giant
  9520 | D        | Noticed a frost giant
  9521 | D        | Noticed a fire giant
  9521 | D        | Noticed a stone giant
  9521 | D        | Noticed a fire giant
  9521 | D        | Noticed a frost giant
  9522 | D        | Noticed a frost giant
  9522 | D        | Noticed a stone giant
  9522 | D        | Noticed a stone giant
  9530 | D        | Killed a fire giant
  9534 | D        | Killed a stone giant
  9563 | D        | Killed a stone giant
  9569 | D        | Killed a stone giant
  9580 | D        | Killed a frost giant
  9580 | D        | Reached skill level 27 in Maces & Flails
  9589 | D        | Killed a fire giant
  9593 | D        | Killed a cyclops
  9640 | D        | Killed a stone giant
  9646 | D        | Killed a fire giant
  9657 | D        | Killed a frost giant
  9659 | D        | Got the ring "Unkemyl" {rC+ rN+ Dex+3}
  9671 | D        | Killed a frost giant
  9673 | D        | Got the ring "Xuacopep" {Str+5 Stlth+}
  9696 | D        | Got a golden rune of Zot
  9962 | D        | Noticed a death yak
  9962 | D        | Noticed a death yak
  9962 | D        | Noticed a hell hog
  9962 | D        | Noticed a hell hog
  9962 | D        | Noticed a hell hog
  9962 | D        | Noticed a hell hog
  9962 | D        | Noticed a frost giant
  9963 | D        | Noticed an orb of fire
  9963 | D        | Noticed a lich
  9963 | D        | Noticed a mottled draconian scorcher
  9964 | D        | Noticed a death yak
  9964 | D        | Noticed a blizzard demon
  9965 | D        | Noticed Dispater
  9967 | D        | Killed a hell hog
  9968 | D        | Noticed a death knight
  9970 | D        | Killed a hell hog
  9980 | D        | Killed a hell hog
  9983 | D        | Killed an orb of fire
  9985 | D        | Killed a hell hog
  9988 | D        | Killed a frost giant
  9988 | D        | Received a gift from Okawaru
  9990 | D        | Killed a death yak
 10020 | D        | Killed a mottled draconian scorcher
 10020 | D        | Killed a death yak
 10031 | D        | Killed Dispater
 10031 | D        | Received a gift from Okawaru
 10031 | D        | Reached skill level 15 in Evocations
 10035 | D        | Killed a lich
 10036 | D        | Killed a death yak
 10044 | D        | Killed a blizzard demon
 10050 | D        | Killed a death knight
 10067 | D        | Identified a +2 pair of boots of running (Okawaru gifted it to you in the Dungeon)
 10088 | D        | Gained mutation: You have large cloven feet. [potion of beneficial mutation]
 10458 | D        | Noticed a quicksilver dragon
 10460 | D        | Noticed a soul eater
 10462 | D        | Noticed a black draconian
 10462 | D        | Noticed an Ice Fiend
 10463 | D        | Killed a quicksilver dragon
 10465 | D        | Noticed a shadow dragon
 10467 | D        | Killed a soul eater
 10468 | D        | Noticed a curse toe
 10469 | D        | Noticed an electric golem
 10473 | D        | Noticed a greater mummy
 10474 | D        | Noticed an Executioner
 10477 | D        | Killed an Ice Fiend
 10478 | D        | Noticed an electric golem
 10485 | D        | Killed a shadow dragon
 10488 | D        | Noticed an iron dragon
 10501 | D        | Killed a greater mummy
 10503 | D        | Noticed a golden dragon
 10505 | D        | Noticed a storm dragon
 10509 | D        | Killed a curse toe
 10517 | D        | Killed an electric golem
 10518 | D        | Noticed Jory
 10525 | D        | Killed a golden dragon
 10528 | D        | Killed a black draconian
 10530 | D        | Noticed a dire elephant
 10539 | D        | Noticed an orb of fire
 10539 | D        | Killed an Executioner
 10544 | D        | Killed an iron dragon
 10557 | D        | Gained mutation: Your magical capacity is low (-10% MP). [an orb of fire]
 10573 | D        | Gained mutation: Your body sometimes deteriorates upon taking damage. [an orb of fire]
 10581 | D        | Killed an orb of fire
 10581 | D        | Reached XP level 21. HP: 65/163 MP: 33/33
 10582 | D        | Lost mutation: Your magical capacity is low (-10% MP). [potion of cure mutation]
 10582 | D        | Lost mutation: Your body sometimes deteriorates upon taking damage. [potion of cure mutation]
 10582 | D        | Lost mutation: You have large cloven feet. [potion of cure mutation]
 10590 | D        | Killed a dire elephant
 10604 | D        | Killed a storm dragon
 10610 | D        | Killed an electric golem
 10626 | D        | Killed Jory
 10994 | D        | Noticed an ancient lich
 10995 | D        | Killed an ancient lich
 10995 | D        | Received a gift from Okawaru
 11011 | D        | Noticed a Brimstone Fiend
 11012 | D        | Noticed a sphinx
 11020 | D        | Killed a sphinx
 11031 | D        | Killed a Brimstone Fiend
 11031 | D        | Reached skill level 27 in Stealth
 11145 | D        | Noticed an ancient lich
 11146 | D        | Noticed Boris
 11146 | D        | Paralysed by an ancient lich for 2 turns
 11163 | D        | Killed an ancient lich
 11179 | D        | Killed Boris
 11188 | D        | Noticed Antaeus
 11237 | D        | Slain by Antaeus

Action                   |  1- 3 |  4- 6 |  7- 9 | 10-12 | 13-15 | 16-18 | 19-21 || total
-------------------------+-------+-------+-------+-------+-------+-------+-------++-------
Melee: Flail             |     6 |    39 |    93 |   495 |   433 |    89 |       ||  1155
       Mace              |    36 |     7 |       |       |       |       |       ||    43
       Morningstar       |       |       |       |       |    75 |   772 |   677 ||  1524
Throw: Javelin           |       |       |       |     9 |    40 |    50 |    22 ||   121
       Tomahawk          |       |       |       |       |     2 |    18 |    19 ||    39
Invok: Heroism           |       |     3 |     3 |    10 |    11 |    10 |     7 ||    44
       Finesse           |       |       |       |     3 |     9 |     9 |     7 ||    28
Evoke: Wand              |       |       |       |       |       |     2 |     5 ||     7
  Use: Potion            |     1 |       |     3 |     3 |     2 |    18 |     7 ||    34
       Scroll            |       |       |       |    11 |       |    11 |     3 ||    25
 Stab: Sleeping          |       |       |       |       |       |       |     1 ||     1
  Eat: Bread ration      |       |       |     1 |     1 |     1 |     1 |     1 ||     5
       Chunk             |       |       |       |     3 |     3 |     8 |     2 ||    16
       Beef jerky        |       |       |       |       |       |     1 |       ||     1
       Meat ration       |       |       |       |       |       |       |     1 ||     1
